 Dungeon Crawl Stone Soup version 0.18-a0-1229-ge9a1a01 (webtiles) character file.

40192 Duffy the Geomancer (level 14, -9/88 HPs)
             Began as a Gargoyle Earth Elementalist on Feb 4, 2016.
             Was the Champion of Cheibriados.
             Splashed by an oklob plant's acid (13 damage)
             ... on level 7 of the Lair of Beasts.
             The game lasted 01:01:10 (24822 turns).

Duffy the Geomancer (Gargoyle Earth Elementalist)  Turns: 24822, Time: 01:01:10

Health: -9/88      AC:  2    Str: 33    XL:     14   Next: 9%
Magic:  20/29      EV: 15    Int: 36    God:    Cheibriados [******]
Gold:   1100       SH:  0    Dex: 25    Spells: 6 memorised, 9 levels left

rFire  . . .     SeeInvis +     i - +9 trident "Tuniom" {distort, Str+6}
rCold  . . .     Gourm    .     f - +3 leather armour
rNeg   + . .     Faith    .     (no shield)
rPois  ∞         Spirit   .     t - +0 helmet
rElec  +         Dismiss  .     (no cloak)
rCorr  .         Reflect  .     R - +0 pair of gloves
SustAt .         Harm     .     T - +0 pair of boots
MR     +....                    r - amulet of magic regeneration
Stlth  +++.......               W - ring of see invisible
                                (no ring)

@: corroded equipment, flying, very slow, somewhat resistant to hostile
enchantments, fairly stealthy
A: big wings, negative energy resistance 1, electricity resistance, unbreathing,
petrification resistance, rot immunity, AC +9
a: Stop Flying, Bend Time, Temporal Distortion, Slouch, Step From Time, Renounce
Religion


You were on level 7 of the Lair of Beasts.
You worshipped Cheibriados.
Cheibriados was exalted by your worship.
You were not hungry.

You visited 3 branches of the dungeon, and saw 21 of its levels.
You also visited: Labyrinth.

You collected 1100 gold pieces.


Innate Abilities, Weirdness & Mutations

You are resistant to torment.
Your stone body is resilient (AC +9).
You are immune to poison.
Your large and strong wings let you fly indefinitely.
You resist negative energy.
You are resistant to electric shocks.
You can survive without breathing.
You are immune to petrification.
You are immune to rotting.


   Skills:
 - Level 10.0 Fighting
 - Level 7.6 Dodging
 - Level 2.1 Stealth
 + Level 11.2 Spellcasting
 + Level 11.6 Conjurations
   Level 0.7 Transmutations
 - Level 12.2 Earth Magic
 * Level 3.6 Poison Magic
 - Level 8.0 Invocations


You had 9 spell levels left.
You knew the following spells:

 Your Spells              Type           Power        Failure   Level  Hunger
a - Sandblast             Erth           ######       0%          1    None
c - Stone Arrow           Conj/Erth      ######       1%          3    None
h - Poison Arrow          Conj/Pois      ######....   17%         6    ####...
i - Iron Shot             Conj/Erth      #######...   2%          6    ####...
j - Lee's Rapid Deconstr  Erth           #######...   1%          5    None
l - Bolt of Magma         Conj/Fire/Erth ######....   2%          5    None

Inventory:

Hand Weapons
 a - a +2 whip of venom
 i - the +9 trident "Tuniom" (weapon) {distort, Str+6}

   It warps and distorts space around it.
   Unwielding it can cause banishment or high damage.
   It affects your strength (+6).
 I - a +0 dire flail of holy wrath
Missiles
 b - 363 stones
 p - 21 poisoned needles
 B - a throwing net
 E - 26 tomahawks (quivered)
Armour
 f - a +3 leather armour (worn)
 t - a +0 helmet (worn)
 R - a +0 pair of gloves (worn)
 T - a +0 pair of boots (worn)
 Y - a +0 robe of resistance
Jewellery
 j - an uncursed amulet of dismissal
 r - an amulet of magic regeneration (around neck)
 D - an uncursed ring of wizardry
 N - an uncursed ring of fire
 W - a ring of see invisible (right hand)
Wands
 c - a wand of lightning (12/15)
 m - a wand of heal wounds (5/9)
 s - a wand of digging (7/24)
 y - a wand of acid (3/15)
 H - a wand of confusion (11/48)
 K - a wand of paralysis (11/24)
 M - a wand of flame (1/48)
 V - a wand of acid (7/15)
Scrolls
 n - 3 scrolls of recharging
 o - 3 scrolls of blinking
 q - 10 scrolls of remove curse
 u - 10 scrolls of teleportation
 z - a scroll of enchant weapon
 C - 2 scrolls of fog
 G - a scroll of amnesia
 L - a scroll of immolation
 S - 2 scrolls of enchant armour
Potions
 e - 2 potions of invisibility
 g - 7 potions of curing
 w - 3 potions of agility
 x - a potion of might
 O - 2 potions of brilliance
 Q - 2 potions of magic
 U - 2 potions of heal wounds
Miscellaneous
 Z - a crystal ball of energy
Comestibles
 d - 2 bread rations
 h - 6 meat rations
 k - 22 fruits
 l - 12 chunks of flesh
 v - a slice of pizza
 J - a royal jelly
 P - 4 beef jerkies

Dungeon Overview and Level Annotations

Branches:
Dungeon (13/15)            Temple (1/1) D:5            Lair (7/8) D:8
 Shoals (0/4) Lair:5        Snake (0/4) Lair:6          Orc (0/2) D:12
 Vaults (0/5) D:13
  Slime: Lair:6-8

Altars:
Ashenzari
Cheibriados
Dithmenos
Elyvilon
Fedhas
Gozag
Kikubaaqudgha
Makhleb
Nemelex Xobeh
Okawaru
Pakellas
Qazlal
Ru
Sif Muna
Trog
Vehumet
Xom
Yredelemnul
Zin
The Shining One

Shops:
D:4 }}(

Annotations:
D:13 Donald, Rupert
Lair:7 exclusion: 3 oklob plants


Message History

Unknown command.
Unknown command.
Unknown command.
Unknown command.
Unknown command.
Cast which spell? (? or * to list)
You can't see any susceptible monsters within range! (Use Z to cast anyway.) Cast which spell? (? or * to list)
Aiming: Lee's Rapid Deconstruction
Press: ? - help, Dir - move target cursor The metal wall shatters!
The blast of metal fragments hits the oklob plant.
The oklob plant is heavily damaged.
The oklob plant spits acid at you. The splash of acid hits you!
The acid burns!
The oklob plant spits acid at you. The splash of acid misses you.
A yak comes into view.
Cast which spell? (? or * to list)
Aiming: Lee's Rapid Deconstruction
Press: ? - help, Dir - move target cursor The metal wall shatters!
The blast of metal fragments hits the oklob plant.
The oklob plant is almost destroyed.
The yak bellows!
The oklob plant spits acid at you. The splash of acid hits you!
The acid corrodes you!
The acid burns!
The oklob plant spits acid at you. The splash of acid hits you!
The acid corrodes you!
The acid burns!
The oklob plant spits acid at you. The splash of acid hits you!
The acid corrodes you!
The acid burns!
A yak comes into view.
The oklob plant spits acid at you. The splash of acid hits you!
The acid corrodes you!
The acid burns!
You die...

#.......#. #..
. ..#..P..##...
?.#..........#
.#...........#
.............#.
...............
.......<.......
..P...>@>...P#
.......<.......
...............
...............
.#.Y........#..
..Y............
.......P.......
Y#...#.........


You could see 3 oklob plants and 3 yaks.

Action                   |  1- 3 |  4- 6 |  7- 9 | 10-12 | 13-15 || total
-------------------------+-------+-------+-------+-------+-------++-------
Melee: Whip              |       |       |       |    41 |   214 ||   255
       Trident           |       |       |       |       |    28 ||    28
Throw: Tomahawk          |       |       |       |    10 |    22 ||    32
 Cast: Sandblast         |    86 |   126 |    87 |    51 |    12 ||   362
       Stone Arrow       |       |       |   164 |   383 |   237 ||   784
       Iron Shot         |       |       |       |     6 |     8 ||    14
       Bolt of Magma     |       |       |       |     5 |    18 ||    23
       Lee's Rapid Decon |       |       |       |       |     5 ||     5
 Abil: Fly               |       |       |       |       |     1 ||     1
Evoke: Wand              |       |     2 |       |     4 |       ||     6
  Use: Scroll            |       |       |     6 |    13 |     9 ||    28
 Stab: Distracted        |       |       |       |       |     1 ||     1
       Sleeping          |       |       |       |       |     1 ||     1
  Eat: Chunk             |     4 |     6 |    14 |    16 |    10 ||    50
       Beef jerky        |       |       |     2 |       |       ||     2
       Pizza             |       |       |       |       |     2 ||     2

Notes
Turn   | Place    | Note
--------------------------------------------------------------
     0 | D:1      | Duffy the Gargoyle Earth Elementalist began the quest for the Orb.
     0 | D:1      | Reached XP level 1. HP: 10/10 MP: 3/3
   428 | D:1      | Reached XP level 2. HP: 15/15 MP: 0/5
   476 | D:1      | Reached skill level 4 in Earth Magic
  1309 | D:1      | Reached XP level 3. HP: 19/19 MP: 0/7
  1483 | D:2      | Learned a level 3 spell: Stone Arrow
  1573 | D:2      | Found an iron altar of Okawaru.
  1859 | D:2      | Reached skill level 3 in Spellcasting
  2030 | D:2      | Reached XP level 4. HP: 24/24 MP: 5/8
  2835 | D:3      | Reached skill level 5 in Earth Magic
  2945 | D:3      | Noticed Ijyb
  2956 | D:3      | Killed Ijyb
  2956 | D:3      | Reached skill level 1 in Conjurations
  2956 | D:3      | Reached XP level 5. HP: 28/28 MP: 2/10
  3008 | D:3      | Noticed George's ghost (amateur MiFi)
  3483 | D:3      | Noticed Sigmund
  3486 | D:3      | Killed Sigmund
  3486 | D:3      | Reached skill level 2 in Conjurations
  3486 | D:3      | Reached skill level 6 in Earth Magic
  3486 | D:3      | Reached XP level 6. HP: 25/32 MP: 7/11
  3644 | D:3      | Learned a level 5 spell: Lee's Rapid Deconstruction
  3838 | D:3      | Reached skill level 4 in Spellcasting
  3943 | D:4      | Found Noyxygg's Antique Weapon Emporium.
  4011 | D:4      | Noticed a phantom
  4023 | D:4      | Killed a phantom
  4023 | D:4      | Reached skill level 7 in Earth Magic
  4023 | D:4      | Reached XP level 7. HP: 31/36 MP: 7/13
  4166 | D:4      | Reached skill level 3 in Conjurations
  4287 | D:4      | Found Ysahidu's Gadget Shoppe.
  4404 | D:4      | Found Goragiuso's Gadget Shop.
  4720 | D:4      | Noticed pedritolo's ghost (amateur DsCK)
  4742 | D:5      | Entered Level 5 of the Dungeon
  4758 | D:5      | Reached skill level 8 in Earth Magic
  5054 | D:5      | Reached skill level 4 in Conjurations
  5054 | D:5      | Reached XP level 8. HP: 41/41 MP: 8/15
  5207 | D:5      | Reached skill level 5 in Spellcasting
  5236 | D:5      | Reached skill level 9 in Earth Magic
  5744 | D:5      | Found a shattered altar of Ashenzari.
  5767 | D:5      | You fall through a shaft!
  6059 | D:6      | Reached skill level 5 in Conjurations
  6064 | D:6      | Noticed a two-headed ogre
  6114 | D:5      | Found a staircase to the Ecumenical Temple.
  6134 | Temple   | Entered the Ecumenical Temple
  6262 | D:5      | Reached skill level 10 in Earth Magic
  6607 | D:5      | Found a snail-covered altar of Cheibriados.
  6616 | D:5      | Became a worshipper of Cheibriados the Contemplative
  6656 | D:6      | Killed a two-headed ogre
  6656 | D:6      | Reached skill level 6 in Spellcasting
  6656 | D:6      | Reached skill level 6 in Conjurations
  6656 | D:6      | Reached XP level 9. HP: 45/45 MP: 14/18
  7019 | D:6      | Reached * piety under Cheibriados
  7066 | D:6      | Learned a level 5 spell: Bolt of Magma
  7224 | D:6      | Found a basalt altar of Yredelemnul.
  7224 | D:6      | Found a sparkling altar of Nemelex Xobeh.
  7350 | D:6      | Found a radiant altar of Vehumet.
  7351 | D:6      | Found a burning altar of Makhleb.
  7704 | D:7      | Reached skill level 7 in Conjurations
  8208 | D:3      | Killed George's ghost
  8208 | D:3      | Reached skill level 7 in Spellcasting
  8388 | D:4      | Killed pedritolo's ghost
  8388 | D:4      | Reached skill level 2 in Fighting
  8469 | D:7      | Reached ** piety under Cheibriados
  8469 | D:7      | Reached skill level 3 in Fighting
  8536 | D:7      | Reached skill level 4 in Fighting
  8665 | D:7      | Found a glowing silver altar of Zin.
  8854 | D:7      | Found a white marble altar of Elyvilon.
  8856 | D:7      | Reached skill level 5 in Fighting
  9229 | D:8      | Reached XP level 10. HP: 58/60 MP: 8/20
  9402 | D:8      | Reached skill level 2 in Dodging
  9505 | D:8      | Found a stormy altar of Qazlal.
  9569 | D:8      | Found a staircase to the Lair.
  9590 | D:8      | Reached skill level 3 in Dodging
  9732 | D:8      | Reached *** piety under Cheibriados
  9778 | D:8      | Reached skill level 4 in Dodging
  9919 | D:8      | Got a pair of polished boots
  9925 | D:8      | Identified the +0 pair of boots "Yteral" {rPois} (You found it on level 8 of the Dungeon)
 10024 | D:8      | Found a sacrificial altar of Ru.
 10032 | D:8      | Found a blossoming altar of Fedhas.
 10035 | D:8      | Found a shadowy altar of Dithmenos.
 10255 | D:9      | Reached skill level 5 in Dodging
 10415 | D:9      | Learned a level 6 spell: Iron Shot
 11182 | D:9      | Reached **** piety under Cheibriados
 11420 | D:10     | Entered Level 10 of the Dungeon
 11688 | D:10     | Reached skill level 8 in Conjurations
 11799 | D:10     | You fall through a shaft for 2 floors!
 11802 | D:12     | Reached skill level 1 in Invocations
 11857 | D:12     | Reached skill level 2 in Invocations
 11868 | D:12     | Noticed a centaur warrior
 11915 | D:12     | Killed a centaur warrior
 11915 | D:12     | Reached skill level 3 in Invocations
 11915 | D:12     | Reached XP level 11. HP: 58/64 MP: 10/22
 11958 | D:12     | Noticed a centaur warrior
 12084 | D:12     | Killed a centaur warrior
 12084 | D:12     | Reached skill level 8 in Spellcasting
 12084 | D:12     | Reached skill level 4 in Invocations
 12211 | D:12     | Reached skill level 5 in Invocations
 12321 | D:12     | Noticed an unseen horror
 12324 | D:12     | Killed an unseen horror
 12324 | D:12     | Reached ***** piety under Cheibriados
 12324 | D:12     | Reached skill level 9 in Conjurations
 12394 | D:13     | Found a gate to the Vaults.
 12394 | D:13     | Noticed Donald
 12394 | D:13     | Noticed Rupert
 12394 | D:13     | Noticed a skeletal warrior
 12394 | D:13     | Noticed a deep elf mage
 12397 | D:12     | Noticed a cyan ugly thing
 12460 | D:12     | Killed a cyan ugly thing
 12460 | D:12     | Reached skill level 6 in Invocations
 12546 | D:12     | Found a staircase to the Orcish Mines.
 12898 | D:12     | Reached skill level 7 in Invocations
 12950 | D:12     | Noticed a purple ugly thing
 12955 | D:12     | Noticed a six-headed hydra
 12956 | D:12     | Killed a purple ugly thing
 13110 | D:12     | Noticed a cyan ugly thing
 14016 | D:9      | Reached skill level 8 in Invocations
 14124 | D:9      | Reached skill level 9 in Spellcasting
 14259 | D:9      | Reached skill level 10 in Conjurations
 14311 | D:9      | Reached XP level 12. HP: 63/69 MP: 15/25
 14647 | D:11     | Reached ****** piety under Cheibriados
 15071 | Lair:1   | Entered Level 1 of the Lair of Beasts
 16043 | Lair:1   | Reached skill level 11 in Earth Magic
 16875 | Lair:2   | Noticed a five-headed hydra
 16880 | Lair:2   | Killed a five-headed hydra
 16880 | Lair:2   | Reached skill level 12 in Earth Magic
 17210 | Lair:2   | Reached skill level 10 in Spellcasting
 17615 | Lair:2   | Noticed a six-headed hydra
 17624 | Lair:2   | Killed a six-headed hydra
 17624 | Lair:2   | Reached skill level 6 in Fighting
 18250 | Lair:2   | Reached XP level 13. HP: 62/75 MP: 21/27
 18330 | Lair:2   | Reached skill level 6 in Dodging
 18345 | Lair:2   | Reached skill level 7 in Fighting
 19498 | Lair:4   | Reached skill level 8 in Fighting
 20134 | Lair:5   | Reached skill level 7 in Dodging
 20748 | Lair:5   | Found a staircase to the Shoals.
 20777 | Lair:5   | Reached skill level 9 in Fighting
 21841 | Lair:4   | Reached skill level 10 in Fighting
 21976 | Lair:4   | Reached skill level 11 in Conjurations
 22326 | Lair:4   | Reached skill level 11 in Spellcasting
 22692 | Lair:1   | Learned a level 6 spell: Poison Arrow
 22818 | Lair:6   | Found a labyrinth entrance.
 22844 | Lab      | Entered a labyrinth
 23511 | Lab      | Found an exit through the horrors of the Abyss.
 23688 | Lab      | Noticed a minotaur
 23700 | Lab      | Killed a minotaur
 23700 | Lab      | Reached skill level 2 in Poison Magic
 23736 | Lab      | Got a scorched trident
 23736 | Lab      | Identified the Guide on the Entourage (You found it in a labyrinth)
 23737 | Lab      | Identified the +9 trident "Tuniom" {distort, Str+6} (You found it in a labyrinth)
 23982 | Lair:6   | Found a staircase to the Snake Pit.
 24276 | Lair:6   | Gained mutation: Your large and strong wings let you fly indefinitely. [Gargoyle growth]
 24276 | Lair:6   | Reached XP level 14. HP: 54/88 MP: 7/29
 24509 | Lair:6   | Reached skill level 3 in Poison Magic
 24822 | Lair:7   | Splashed by an oklob plant's acid

Vault maps used:
D:1:      matt_arrival_diagonals
D:2:      okawaru_gym_becter
D:3:      first_bread, minmay_stone_trees_small,
          corexii_item_surrounded_by_moat, uniq_sigmund, uniq_iyjb
D:4:      serial_shops, shop, nicolae_shop_stone, kennysheep_mini_moat,
          kennysheep_generic_room_5
D:5:      kennysheep_big_flooded_room, slow_altar_2,
          minmay_temple_entry_statues, evilmike_ruin_ashenzari
D:6:      grunt_temple_overflow_lords_of_destruction,
          nemelex_xobeh_ov_fountains_minmay, yredelemnul_altar_generic,
          gup_sewer_entry_glass, st_stairs_11
D:7:      kennysheep_mini, marbit_many_paths
D:8:      grunt_qazlal_clouds, minitemple, david_lair_shrubbed
D:9:      kennysheep_windowed_halls
D:12:     minmay_nested_s, orc_0_dummy
D:13:     david_vaults_3, serial_shops, nicolae_shop_statue_plus, enter_bailey_3
Temple:   circular_temple_pool_8
Lair:2:   nicolae_lair_grove_arrangements, grunt_megastairs_2
Lair:4:   zaba_anthell, uniq_rupert
Lair:5:   minmay_shoals_entry_centaurs, grunt_megastairs_4,
          infiniplex_staircase_pool, lemuel_fruit_tree
Lair:6:   guppyfry_snake_entry_island, lab_entry_generic, st_stairs_13,
          cheibrodos_lair_caveside_slide
Lair:7:   dpeg_oklob_shooting_range, slime_altar_1
Lab:      labyrinth_fake_exit

Vanquished Creatures
  A minotaur
  6 hydras
  2 centaur warriors
  A queen ant
  A death yak
  An unseen horror
  2 ugly things
  A faun
  A siren
  3 black mambas
  6 spiny frogs
  3 gargoyles
  A torpor snail
  6 komodo dragons
  4 trolls
  The ghost of pedritolo the Skirmisher, an amateur DsCK of Xom
  3 two-headed ogres
  17 blink frogs
  A shadow
  15 yaks Sigmund
  A wyvern
  2 basilisks
  8 hippogriffs
  A human
  A steam dragon
  8 wolves
  12 soldier ants
  14 water moccasins
  15 porcupines
  10 orc warriors
  12 ogres
  An ice beast
  The ghost of George the Slasher, an amateur MiFi of the Shining One
  5 black bears
  A necrophage
  3 phantoms
  7 centaurs
  15 crocodiles
  2 big kobolds
  11 giant frogs
  A wyvern zombie
  3 scorpions
  A killer bee
  4 wights
  11 crimson imps
  A giant frog zombie
  2 centaur zombies
  6 hounds
  9 orc priests
  2 centaur skeletons
  6 jellies
  A giant frog skeleton Ijyb
  15 iguanas
  11 orc wizards
  47 worker ants
  42 sheep
  A hound zombie
  A mummy
  4 worker ant zombies
  4 gnolls
  56 river rats
  15 adders
  5 shadow imps
  An ooze
  6 worms
  12 giant geckos
  57 orcs
  A ball python
  7 giant cockroaches
  9 goblins
  5 hobgoblins
  15 jackals
  12 kobolds
  3 quokkas
  11 bats
  5 giant newts
  A quokka skeleton
  A quokka zombie
  8 rats
  8 fungi
  8 plants
626 creatures vanquished.
